[Event "44th Chess Olympiad Women 2022"]
[Site "Chennai"]
[Date "2022.07.29"]
[Round "1.43"]
[White "Dejanovic, Tereza"]
[Black "Shih, Ching-An"]
[Result "1-0"]
[WhiteElo "2011"]
[BlackElo "1582"]
[Annotator "NA RC"]
[PlyCount "89"]
[EventDate "2022.??.??"]
[TimeControl "60"]

1. e4 e5 2. Nf3 Nc6 3. Bb5 a6 4. Ba4 Nf6 5. O-O d6 6. Re1 Be7 7. c3 O-O 8. h3 b5 9. Bc2 Bb7 10. d4 Re8 11. Nbd2 Bf8 12. a4 exd4 13.
cxd4 Nb4 14. Bb1 c5 15. d5 g6 16. Nf1 Bg7 17. Qb3 bxa4 18.
Qxa4 Qd7 19. N1d2 Qb5 20. Qb3 a5 21. Qa4 Qa6 22. Ra3 c4 23.
Nf1 Bc8 24. Bd2 Bd7 25. Qd1 Qb7 26. Bc3 Bb5 27. Ng3 Nd7 28.
Bxg7 Kxg7 29. Qd2 Nc5 30. Qg5 Qd7 31. Nh5+ Kf8 32. Nf6 Qd8 33. Qh6+ Ke7 34. Nxe8 Kxe8 35. Qxh7 Ncd3 36. Bxd3 Nxd3 37. Re2 Ra7 38. Nd4 Qb6 39. Nxb5 Qxb5 40. Rc3 Re7 41. Qh8+ Kd7 42. Qd4 Nxb2 43. Ra3 c3 44. Qa7+ Kd8 45. Qa8+ 1-0

[Event "44th Chess Olympiad Women 2022"]
[Site "Chennai"]
[Date "2022.07.29"]
[Round "1.43"]
[White "Radikovic, Anamarija"]
[Black "Cho, Hung-Ling"]
[Result "1-0"]
[WhiteElo "2099"]
[BlackElo "1576"]
[Annotator "NA"]
[PlyCount "39"]
[EventDate "2022.??.??"]
[TimeControl "60"]

1. e4 e5 2. Nf3 Nc6 3. Bb5 Nd4 4. Nxd4 exd4 5. O-O c6 6.
Bc4 Nf6 7. d3 d5 8. exd5 Nxd5 9. Re1+ Be6 10. Qh5 Qd6 11. Bg5 g6 12. Qh4 Bg7 13. Bxd5 Qxd5 14. Bf6 O-O 15. Nd2 Bxf6 16. Qxf6 Rad8 17. Re5 Qd7 18. Ne4 Qc7 19. Ng3 Rd6 20. Nh5 1-0

[Event "44th Chess Olympiad Women 2022"]
[Site "Chennai"]
[Date "2022.07.29"]
[Round "1.43"]
[White "Tsai, Sophie Yi-Hsuan"]
[Black "Berke, Ana"]
[Result "1/2-1/2"]
[WhiteElo "1131"]
[BlackElo "2163"]
[Annotator "RC"]
[PlyCount "130"]
[EventDate "2022.??.??"]
[TimeControl "60"]

1. e4 c5 2. Nf3 d6 3. d4 cxd4 4. Nxd4 Nf6 5. Nc3 Nc6 6. Bg5 e6 7. Be2 a6 8. h3 Bd7 9. g4 Qa5 10. Bxf6 gxf6 11. Nb3 Qc7 12. Qd2 h5 13. O-O-O h4 14. Kb1 O-O-O 15. f4 Kb8 16. Rhf1 Bc8 17. Qe3 b5 18. a3 Qa7 19. Qxa7+ Kxa7 20. f5 Be7 21. Nd4 Ne5 22. Na2 Bd7 23. Nb4 Rb8 24. Nb3 Rhc8 25. Nd3 Nc4 26. Rf3 Be8 27. fxe6 fxe6 28. Nd4 Bd7 29. g5 fxg5 30. Rf7 Re8 31. Bh5 e5 32. Nf5 Bxf5 33. exf5 Ne3 34. Rg1 Kb6 35. f6 Bd8 36. Rxg5 Nd5 37. Nb4 Nxb4 38. axb4 e4 39. Rd7 Rf8 40. Rxd6+ Kc7 41. Rgd5 Rb7 42. Rxa6 Rxf6 43. Ra8 Be7 44. Bg4 Bd6 45. Rc8+ Kb6 46. Be2 Ka7 47. Bxb5 Bxb4 48. Bc6 Re7 49. Rd7+ Rxd7 50. Bxd7 e3 51. Re8 Rf1+ 52. Ka2 Bd2 53. c3 Rf2 54. Bg4 Rg2 55. Re4 Kb6 56. Kb3 Bc1 57. Kc4 Rxb2 58. Kd3 Rg2 59. Bf3 Rg3 60. Bg4 Bd2 61. c4 Rg2 62. Be2 Be1 63.
Rxe3 Rg3 64. Rxg3 Bxg3 65. Kd4 Kc7 1/2-1/2

[Event "44th Chess Olympiad Women 2022"]
[Site "Chennai"]
[Date "2022.07.29"]
[Round "1.44"]
[White "Ioannides Liu, Alice"]
[Black "Moaataz, Ayah"]
[Result "0-1"]
[WhiteElo "1292"]
[BlackElo "2119"]
[Annotator "NA"]
[PlyCount "50"]
[EventDate "2022.??.??"]
[TimeControl "60"]

1. Nf3 d5 2. d4 Nf6 3. g3 g6 4. Bg2 Bg7 5. O-O O-O 6. Bf4 Nbd7 7. c3 c5 8. dxc5 Nxc5 9. Nbd2 Re8 10. Nb3 Na4 11. Qc1 Bd7 12. Ne5 e6 13.
Qd2 Bb5 14. Nd4 Ba6 15. b4 Nd7 16. Nxd7 Qxd7 17. Rab1 Bc4 18. Bh6 Bxh6 19. Qxh6 Nxc3 20. Rb2 e5 21. Nf3 Nxe2+ 22. Kh1 Nd4 23. Nxd4 Bxf1 24. Bxf1 exd4 25. Rb1 Qf5 0-1

[Event "44th Chess Olympiad Women 2022"]
[Site "Chennai"]
[Date "2022.07.29"]
[Round "1.44"]
[White "Mona, Khaled"]
[Black "Markidou, Christianna"]
[Result "1-0"]
[WhiteElo "2127"]
[BlackElo "1701"]
[Annotator "NA"]
[PlyCount "79"]
[EventDate "2022.??.??"]
[TimeControl "60"]

1. d4 d5 2. Nf3 e6 3. e3 Nf6 4. Bd3 c6 5. Nbd2 Nbd7 6. O-O Bd6 7. Qe2 O-O 8. e4 dxe4 9. Nxe4 Nxe4 10. Qxe4 Nf6 11. Qh4 h6 12. Ne5 Nd7 13. Qg3 Qf6 14. Nxd7 Qxd4 15. c3 Bxg3 16. cxd4 Bxf2+ 17. Rxf2 Bxd7 18. b3 Rad8 19. Ba3 Rfe8 20. Raf1 f5 21. Re1 Bc8 22. Bb2 c5 23. Bb5 Bd7 24. Bxd7 Rxd7 25. dxc5 g6 26. Be5 Kf7 27. b4 a6 28. a4 g5 29. b5 axb5 30. axb5 Rc8 31. Rc2 Rd5 32. c6 b6 33. Ra2 Rxb5 34. Ra7+ Kg6 35. Rg7+ Kh5 36. c7 Rc5 37. Rd7 Kg6 38. Rd8 R8xc7 39. Bxc7 Rxc7 40. Rxe6+ 1-0

[Event "44th Chess Olympiad Women 2022"]
[Site "Chennai"]
[Date "2022.07.29"]
[Round "1.44"]
[White "Sokolova, Victoria"]
[Black "Elansary, Eman"]
[Result "0-1"]
[WhiteElo "1193"]
[BlackElo "1936"]
[Annotator "NA"]
[PlyCount "70"]
[EventDate "2022.??.??"]
[TimeControl "60"]

1. c4 e6 2. Nc3 d5 3. cxd5 exd5 4. d4 Nf6 5. Nf3 Be7 6. Bf4 O-O 7. e3 c6 8. Bd3 Bg4 9. O-O Nbd7 10. h3 Bh5 11. g4 Bg6 12. Bxg6 hxg6 13. Kg2 Ne4 14. Nxe4 dxe4 15. Ne5 Nxe5 16. Bxe5 Bd6 17. Bxd6 Qxd6 18. f3 exf3+ 19. Qxf3 Rae8 20. Rf2 Re7 21. Re1 Rfe8 22. Rfe2 Re4 23. Qg3 Qd5 24. Kf2 Qxa2 25. Qc7 Qb3 26. Qa5 a6 27. Qg5 Qe6 28. Kf3 Re7 29. h4 Rd7 30. h5 Rd5 31. Qh4 gxh5 32. Rh2 Rxg4 33. Qh3 Qe4+ 34. Kf2 Rf5+ 35. Ke2 Qc2# 0-1

[Event "44th Chess Olympiad Women 2022"]
[Site "Chennai"]
[Date "2022.07.29"]
[Round "1.44"]
[White "Wafa, Shahenda"]
[Black "Bouzana, Christina"]
[Result "1-0"]
[WhiteElo "2115"]
[BlackElo "1079"]
[Annotator "NA"]
[PlyCount "71"]
[EventDate "2022.??.??"]
[TimeControl "60"]

1. e4 c6 2. d4 d5 3. Nc3 dxe4 4. Nxe4 Bf5 5. Ng3 Bg6 6. h4 h6 7. Nf3 Nd7 8. h5 Bh7 9. Bd3 Bxd3 10. Qxd3 e6 11. Bf4 Ngf6 12. O-O-O Nd5 13. Bd2 Bd6 14. Ne4 Be7 15. c4 N5f6 16. Bc3 Nb6 17. Ba5 Qc8 18.
Ne5 Nbd7 19. Nxf6+ Nxf6 20. f4 Bd6 21. g4 b6 22. Bc3 Qc7 23.
Qf3 O-O-O 24. Nxc6 Bxf4+ 25. Kb1 Rd6 26. Nxa7+ Qxa7 27. Qxf4 Rhd8 28. Rc1 Qb7 29. d5 exd5 30. cxd5 Nxd5 31. Be5+ Rc6 32. Qf5+ Rd7 33. Rxc6+ Kd8 34. Rhc1 Ne7 35. Qxf7 Nxc6 36.
Qf8# 1-0

[Event "44th Chess Olympiad Women 2022"]
[Site "Chennai"]
[Date "2022.07.29"]
[Round "1.45"]
[White "Martins, Katlene Jussara"]
[Black "Nazarova, Anastasia"]
[Result "0-1"]
[WhiteElo "1287"]
[BlackElo "2208"]
[Annotator "ChessBase"]
[PlyCount "68"]
[EventDate "2022.??.??"]
[TimeControl "60"]

1. e4 c5 2. Nc3 Nc6 3. Nf3 g6 4. Bb5 Nd4 5. Ba4 Bg7 6. O-O e6 7. d3 a6 8. Re1 b5 9. Bb3 Bb7 10. a4 b4 11. Ne2 Nxb3 12. cxb3 e5 13.
Qc2 d6 14. Be3 Rc8 15. Rad1 Ne7 16. Qc4 O-O 17. h3 h6 18. Rd2 Kh7 19. Ng3 f5 20. exf5 gxf5 21. Nh5 f4 22. Bxf4 exf4 23. Re4 d5 24. Qc1 dxe4 25. dxe4 Qc7 26. Qc2 Ng6 27. g3 fxg3 28. Rd3 Bxe4 29. Qe2 gxf2+ 30. Kxf2 Qh2+ 31. Ke3 Rxf3+ 32. Qxf3 Bxf3 33.
Kxf3 Rf8+ 34. Ke4 Qe5# 0-1

[Event "44th Chess Olympiad Women 2022"]
[Site "Chennai"]
[Date "2022.07.29"]
[Round "1.45"]
[White "Paasikangas, Johanna"]
[Black "Pio Monteiro, Juliana"]
[Result "1-0"]
[WhiteElo "2155"]
[BlackElo "1319"]
[Annotator "ChessBase"]
[PlyCount "59"]
[EventDate "2022.??.??"]
[TimeControl "60"]

1. d4 Nf6 2. c4 g6 3. Nc3 Bg7 4. e4 d6 5. f4 e5 6. dxe5 dxe5 7. Qxd8+ Kxd8 8. fxe5 Ng4 9. Bg5+ Ke8 10. h3 Nxe5 11. Nd5 Na6 12. c5 Rb8 13.
Bxa6 bxa6 14. O-O-O Bb7 15. Nxc7+ Kf8 16. Nd5 Rc8 17. Be7+ Ke8 18. Bd6 Bxd5 19. Rxd5 Nc4 20. e5 Nxd6 21. exd6 Kd7 22. Nf3 Ke6 23. Rhd1 Rc6 24. d7 Rd8 25. Ng5+ Ke7 26. Re1+ Kf8 27. Nxh7+ Kg8 28. Re8+ Rxe8 29. dxe8=Q+ Kxh7 30. Qxc6 1-0

[Event "44th Chess Olympiad Women 2022"]
[Site "Chennai"]
[Date "2022.07.29"]
[Round "1.45"]
[White "Puuska, Heini"]
[Black "Moreno, Akiane"]
[Result "1-0"]
[WhiteElo "2010"]
[BlackElo "1232"]
[Annotator "NA"]
[PlyCount "101"]
[EventDate "2022.??.??"]
[TimeControl "60"]

1. d4 d5 2. Nf3 Nf6 3. e3 e6 4. Bd3 Bd6 5. O-O O-O 6. b3 Re8 7. Bb2 Nc6 8. Ne5 Re7 9. a3 h6 10. Nd2 Qe8 11. c4 b6 12. Rc1 Ba6 13.
Nxc6 Qxc6 14. cxd5 Qb7 15. Bxa6 Qxa6 16. dxe6 Rxe6 17. Re1 Qb7 18. Nc4 Rd8 19. Qc2 Nh5 20. Nxd6 Rdxd6 21. Qxc7 Qxc7 22. Rxc7 a5 23. Rec1 Kh7 24. Rxf7 b5 25. Rf5 Nf6 26. Rxb5 Ne4 27. f3 Rc6 28. fxe4 Rxc1+ 29. Bxc1 Rxe4 30. Rxa5 Re8 31. b4 Rc8 32. Rc5 Rf8 33. b5 g5 34. b6 Kg6 35. a4 Kh5 36. a5 Kh4 37. Bd2 Rb8 38. Be1+ Kh5 39. Bg3 Re8 40. Be5 Kh4 41. b7 Kg4 42. b8=Q Rxb8 43. Bxb8 Kh5 44. a6 Kg6 45. a7 h5 46. a8=Q h4 47. Qe4+ Kh5 48. Qf3+ Kg6 49. Rc6+ Kh7 50. Qf7+ Kh8 51. Rc8# 1-0

[Event "44th Chess Olympiad Women 2022"]
[Site "Chennai"]
[Date "2022.07.29"]
[Round "1.46"]
[White "Appau Abena Tiwaa"]
[Black "Malikova, Marjona"]
[Result "0-1"]
[WhiteElo "1103"]
[BlackElo "1756"]
[Annotator "NA"]
[PlyCount "62"]
[EventDate "2022.??.??"]
[TimeControl "60"]

1. d4 Nf6 2. Bf4 e6 3. e3 c5 4. Nf3 cxd4 5. Nxd4 e5 6. Bxe5 Qa5+ 7. c3 Qxe5 8. Nd2 Nc6 9. N4f3 Qc7 10. Bd3 d5 11. Qc2 Bd6 12. O-O-O Be6 13. Rde1 O-O-O 14. e4 dxe4 15. Nxe4 Nxe4 16. Bxe4 Bxa2 17. b3 Ba3+ 18. Qb2 Bxb2+ 19. Kxb2 Bxb3 20. Kxb3 Qb6+ 21. Ka3 Qc5+ 22. Kb3 Na5+ 23. Kc2 Qxf2+ 24. Kb1 Nc4 25. Bf5+ Kb8 26. Bc2 Na3+ 27. Kb2 Qxc2+ 28. Kxa3 Qxc3+ 29. Ka2 Rd6 30. Re5 Ra6+ 31.
Kb1 Ra1# 0-1

[Event "44th Chess Olympiad Women 2022"]
[Site "Chennai"]
[Date "2022.07.29"]
[Round "1.46"]
[White "Benson, Maud"]
[Black "Bobomurodova, Maftuna"]
[Result "0-1"]
[WhiteElo "1334"]
[BlackElo "1914"]
[Annotator "NA RC"]
[PlyCount "100"]
[EventDate "2022.??.??"]
[TimeControl "60"]

1. d4 d5 2. c4 dxc4 3. e4 Nf6 4. Nc3 e5 5. Nf3 exd4 6. Nxd4 c5 7. Ndb5 a6 8. Qa4 Bd7 9. Bf4 Be7 10. Nc7+ Qxc7 11. Bxc7 Bxa4 12. Nxa4 Nbd7 13. Nc3 Rc8 14. Bf4 b5 15. f3 Nh5 16. Be3 Ne5 17. Kd2 O-O 18. Nd5 Rfd8 19. Kc2 Bf8 20. Be2 Nc6 21. Kc3 g6 22. Rad1 Bg7+ 23. Kc2 Bd4 24. Kb1 Bxe3 25. Nxe3 Nf4 26. Rxd8+ Rxd8 27. Re1 Rd2 28. Bf1 Nb4 29. Rd1 Rd4 30. Rxd4 cxd4 31. Nc2 Nc6 32. g3 Ne6 33. a4 d3 34. Na3 Ned4 35. axb5 d2 36. Be2 Nxe2 37. Kc2 Ned4+ 38. Kxd2 axb5 39. Ke3 Kf8 40. Nb1 Ke7 41. Nc3 Kd6 42. f4 Kc5 43. Nd5 b4 44. g4 Nb5 45. g5 c3 46. bxc3 Nxc3 47. Nxb4 Nxb4 48. h4 Nd1+ 49. Kf3 Kd4 50. f5 Ke5 0-1

[Event "44th Chess Olympiad Women 2022"]
[Site "Chennai"]
[Date "2022.07.29"]
[Round "1.46"]
[White "Khamdamova, Afruza"]
[Black "Dotse Dzidzor Esi"]
[Result "1-0"]
[WhiteElo "1969"]
[BlackElo "1195"]
[Annotator "NA"]
[PlyCount "83"]
[EventDate "2022.??.??"]
[TimeControl "60"]

1. e4 c6 2. d4 d5 3. Nc3 e6 4. Nf3 c5 5. exd5 exd5 6. dxc5 Bxc5 7. Qxd5 Nd7 8. Bc4 Qe7+ 9. Qe4 Ngf6 10. Qxe7+ Bxe7 11. O-O O-O 12. Re1 Re8 13. Ng5 Ne5 14. Rxe5 Be6 15. Nxe6 Bd6 16. Re2 fxe6 17. Bxe6+ Kh8 18. Bg5 Rf8 19. Nd5 Nxd5 20. Bxd5 Rab8 21. Be7 Bxe7 22. Rxe7 Rbe8 23. Rae1 Rxe7 24. Rxe7 h6 25. Rxb7 a6 26. c4 Kh7 27. c5 Rd8 28. Be4+ Kg8 29. f3 Kf8 30. c6 Rd1+ 31. Kf2 Rd2+ 32. Ke3 Rd8 33. c7 Rc8 34. Rb8 Re8 35. Rxe8+ Kxe8 36. c8=Q+ Ke7 37. Bd5 a5 38. Qe6+ Kd8 39. Qd6+ Ke8 40. Be6 g5 41. Qd7+ Kf8 42. Qf7# 1-0

[Event "44th Chess Olympiad Women 2022"]
[Site "Chennai"]
[Date "2022.07.29"]
[Round "1.46"]
[White "Omonova, Umida"]
[Black "Felix, Tobi"]
[Result "1-0"]
[WhiteElo "2195"]
[BlackElo "1460"]
[Annotator "ChessBase"]
[PlyCount "57"]
[EventDate "2022.??.??"]
[TimeControl "60"]

1. e4 c6 2. d4 d5 3. Nd2 dxe4 4. Nxe4 Nf6 5. Nxf6+ exf6 6. c3 Bd6 7. Bd3 O-O 8. Qc2 h6 9. Ne2 Re8 10. Be3 Be6 11. O-O Qc7 12. h3 Nd7 13.
Rad1 Rad8 14. c4 Qb8 15. d5 cxd5 16. cxd5 Rc8 17. Qa4 Bxh3 18. gxh3 Nc5 19. Bxc5 Rxc5 20. Rfe1 a6 21. Nd4 Rec8 22. Qb3 Kh8 23. Re2 Rc1 24. Kg2 R1c7 25. Rde1 Be5 26. Nf3 Re7 27. Qb6 Bc7 28. Qd4 Rxe2 29. Rxe2 1-0

[Event "44th Chess Olympiad Women 2022"]
[Site "Chennai"]
[Date "2022.07.29"]
[Round "1.47"]
[White "Fredericia, Louise"]
[Black "Aponte, Samantha"]
[Result "1-0"]
[WhiteElo "1990"]
[BlackElo "1087"]
[Annotator "NA"]
[PlyCount "59"]
[EventDate "2022.??.??"]
[TimeControl "60"]

1. e4 e5 2. Nc3 Nc6 3. g3 Nf6 4. Bg2 Bc5 5. Nge2 d6 6. h3 Be6 7. O-O Qd7 8. Kh2 O-O-O 9. Na4 Bb6 10. Nxb6+ axb6 11. f4 Qe7 12. d3 Kb8 13. f5 Bc8 14. g4 Rdf8 15. Ng3 Nd7 16. c3 f6 17. b4 b5 18. a4 Nb6 19. axb5 Na7 20. c4 Bd7 21. Be3 Nbc8 22. Bxa7+ Nxa7 23. Qa4 Kc8 24. Qxa7 Kd8 25. Qxb7 Bc8 26. Ra8 Qd7 27. Rfa1 Ke7 28. Qd5 Qd8 29. b6 Qd7 30. R1a7 1-0

[Event "44th Chess Olympiad Women 2022"]
[Site "Chennai"]
[Date "2022.07.29"]
[Round "1.47"]
[White "Guindy, Esmat Susanne"]
[Black "Jacobs, Annelaine"]
[Result "1-0"]
[WhiteElo "2097"]
[BlackElo "1612"]
[Annotator "NA RC"]
[PlyCount "77"]
[EventDate "2022.??.??"]
[TimeControl "60"]

1. d4 d6 2. Nf3 g6 3. g3 Bg7 4. Bg2 e5 5. dxe5 dxe5 6. Qxd8+ Kxd8 7. Ng5 Ke7 8. b3 h6 9. Ba3+ Ke8 10. Ne4 Nd7 11. O-O f5 12. Nc5 Nxc5 13.
Bxc5 e4 14. c3 Ne7 15. Bd4 Kf7 16. Na3 c6 17. Nc4 Rd8 18. Ne5+ Bxe5 19. Bxe5 Be6 20. c4 h5 21. f3 exf3 22. Bxf3 Kg8 23. Rad1 Rd7 24. Rxd7 Bxd7 25. Rd1 Be6 26. Rd6 Kf7 27. Kf2 Ng8 28. e4 Re8 29. Bd4 fxe4 30. Bxe4 Bf5 31. Bxf5 gxf5 32. Rd7+ Re7 33. Rxe7+ Kxe7 34. Bxa7 Nf6 35. Kf3 Ng4 36. h3 Nf6 37. Kf4 Ke6 38. Bd4 Kf7 39. Kxf5 1-0

[Event "44th Chess Olympiad Women 2022"]
[Site "Chennai"]
[Date "2022.07.29"]
[Round "1.47"]
[White "Sagastegui, Thamara"]
[Black "Kakulidis, Ellen"]
[Result "0-1"]
[WhiteElo "1362"]
[BlackElo "2057"]
[Annotator "NA RC"]
[PlyCount "114"]
[EventDate "2022.??.??"]
[TimeControl "60"]

1. e4 c5 2. c3 Nf6 3. e5 Nd5 4. d4 cxd4 5. cxd4 e6 6. Nf3 b6 7. Bc4 Ba6 8.
Bxa6 Nxa6 9. a3 Be7 10. Bd2 Nac7 11. Nc3 Nxc3 12. Bxc3 O-O 13. O-O Nd5 14. Qd2 Rc8 15. Rac1 h6 16. Qd3 Nxc3 17. Rxc3 d6 18. Rfc1 Qd7 19. Qc2 Rxc3 20. Qxc3 dxe5 21. Nxe5 Qd6 22. Qc7 Rd8 23. Qxd6 Bxd6 24. Nc6 Rd7 25. g3 Rc7 26. Rc3 Kf8 27. Nb4 Rxc3 28. bxc3 a5 29. Nc2 b5 30. Kf1 Ke7 31. Ke2 Kd7 32. Kd3 Kc6 33. c4 bxc4+ 34. Kxc4 a4 35. Nb4+ Kb6 36. d5 e5 37. f3 h5 38. Kd3 Kc5 39. Kc3 f6 40. Kd3 g5 41. Kc3 g4 42. fxg4 hxg4 43.
Nc2 Kxd5 44. Ne3+ Ke6 45. Kc4 Bxa3 46. Nxg4 f5 47. Nf2 Bd6 48. g4 fxg4 49. Nxg4 Kf5 50. h3 Kf4 51. Nf6 e4 52. Nd5+ Ke5 53. Ne3 a3 54. Kb3 Kf4 55. Nc2 e3 56. Kc3 Be5+ 57. Kd3 a2 0-1

[Event "44th Chess Olympiad Women 2022"]
[Site "Chennai"]
[Date "2022.07.29"]
[Round "1.48"]
[White "Ayzenberg, Alena"]
[Black "Sy, Mariama"]
[Result "1-0"]
[WhiteElo "2023"]
[BlackElo "1211"]
[Annotator "NA"]
[PlyCount "39"]
[EventDate "2022.??.??"]
[TimeControl "60"]

1. d4 d5 2. c4 Nf6 3. cxd5 Nxd5 4. Nf3 Nc6 5. e4 Nf6 6. d5 Nb4 7. Qa4+ Nc6 8. dxc6 bxc6 9. Ne5 Bb7 10. Qb3 Qb8 11. Nxf7 Rg8 12. Ng5 Nd5 13. exd5 cxd5 14. Qf3 Rh8 15. Qf7+ Kd7 16. Qe6+ Ke8 17. Bb5+ c6 18. Bxc6+ Bxc6 19. Qxc6+ Kd8 20. Nf7# 1-0

[Event "44th Chess Olympiad Women 2022"]
[Site "Chennai"]
[Date "2022.07.29"]
[Round "1.48"]
[White "Machlik, Edit"]
[Black "Marochkina, Nadezhda Valerevna"]
[Result "1-0"]
[WhiteElo "2084"]
[BlackElo "1687"]
[Annotator "NA RC"]
[PlyCount "62"]
[EventDate "2022.??.??"]
[TimeControl "60"]

1. d4 d5 2. c4 e6 3. Nc3 Nf6 4. cxd5 exd5 5. Bg5 Be7 6. e3 c6 7. Qc2 Nbd7 8. Bd3 Nf8 9. h3 Ne6 10. Bh4 g6 11. Nf3 Ng7 12. O-O O-O 13.
Bxf6 Bxf6 14. b4 Nf5 15. b5 cxb5 16. Nxb5 Bd7 17. Qb3 Ne7 18. Rfc1 Bc6 19. Nc3 a6 20. Ne1 Qa5 21. a4 Rfd8 22. Be2 Nc8 23.
Nd3 Be7 24. Bf3 Nb6 25. Ne5 Rac8 26. Bg4 f5 27. Bf3 Kg7 28. g4 Nc4 29. Nxc4 dxc4 30. Qd1 Bb4 31. Na2 Bxa4 1-0

[Event "44th Chess Olympiad Women 2022"]
[Site "Chennai"]
[Date "2022.07.29"]
[Round "1.48"]
[White "Sy Mame, Binta"]
[Black "Stanford, Sheila Barth"]
[Result "0-1"]
[WhiteElo "1256"]
[BlackElo "2097"]
[Annotator "NA"]
[PlyCount "39"]
[EventDate "2022.??.??"]
[TimeControl "60"]

1. e3 Nf6 2. d3 d5 3. a3 Bf5 4. h3 h5 5. Be2 c5 6. Bd2 Nc6 7. Bf3 e5 8. Nc3 e4 9. dxe4 dxe4 10. Be2 a6 11. f3 exf3 12. Nxf3 Qd6 13. Kf2 O-O-O 14. Ng5 Ne5 15. e4 Nxe4+ 16. Ncxe4 Bxe4 17. Nxe4 Qd4+ 18.
Be3 Qxe4 19. Bf3 Qh4+ 20. g3 0-1

[Event "44th Chess Olympiad Women 2022"]
[Site "Chennai"]
[Date "2022.07.29"]
[Round "1.49"]
[White "De Rycke, Tyani"]
[Black "Sisior, Angelil"]
[Result "1-0"]
[WhiteElo "1994"]
[BlackElo "1488"]
[Annotator "NA"]
[PlyCount "65"]
[EventDate "2022.??.??"]
[TimeControl "60"]

1. e4 b6 2. Nc3 c5 3. g3 Nc6 4. Bg2 e5 5. d3 Be7 6. Be3 Nf6 7. h3 Ba6 8. Qd2 O-O 9. Nge2 b5 10. O-O d6 11. f4 Nd4 12. f5 b4 13. Nd1 Bb7 14. g4 d5 15.
Ng3 Kh8 16. g5 Ng8 17. c3 Nb5 18. exd5 Nd4 19. d6 Bxg2 20. dxe7 Nxe7 21. Qxg2 Nd5 22. cxd4 cxd4 23. Bd2 Rc8 24. Rc1 Rxc1 25. Bxc1 Qa5 26. f6 g6 27. Qe4 Re8 28. h4 Re6 29. h5 Qc7 30. Qxd5 Re8 31. hxg6 hxg6 32. Qh1+ Kg8 33. Qh6 1-0

[Event "44th Chess Olympiad Women 2022"]
[Site "Chennai"]
[Date "2022.07.29"]
[Round "1.49"]
[White "Magno, Angelica"]
[Black "Vanduyfhuys, Daria"]
[Result "0-1"]
[WhiteElo "1211"]
[BlackElo "2094"]
[Annotator "NA"]
[PlyCount "50"]
[EventDate "2022.??.??"]
[TimeControl "60"]

1. d4 d5 2. c4 e6 3. Nf3 Nf6 4. g3 dxc4 5. Bg2 Bb4+ 6. Bd2 Nd5 7. O-O Nc6 8. e4 Nb6 9. Bxb4 Nxb4 10. Qe2 O-O 11. Nbd2 Nc2 12. Rad1 Nxd4 13. Nxd4 Qxd4 14. Nb3 Qf6 15. e5 Qe7 16. Na5 Qb4 17. Nxb7 Nd5 18. a3 Qxb7 19. Qxc4 Qb6 20. Rd2 Ba6 21. Qc1 Bxf1 22. Qxf1 Rad8 23. Qe1 Rd7 24. Bf3 Rfd8 25. Kg2 Nf4+ 0-1

[Event "44th Chess Olympiad Women 2022"]
[Site "Chennai"]
[Date "2022.07.29"]
[Round "1.49"]
[White "Sisior, Destiny"]
[Black "Barbier, Wiebke"]
[Result "0-1"]
[WhiteElo "1298"]
[BlackElo "1970"]
[Annotator "NA"]
[PlyCount "60"]
[EventDate "2022.??.??"]
[TimeControl "60"]

1. e4 d6 2. Nf3 Nf6 3. Nc3 e5 4. Bc4 Be7 5. d4 Nbd7 6. Be3 O-O 7. Qd2 c6 8. d5 Ng4 9. h3 Nxe3 10. Qxe3 Nf6 11. O-O-O b5 12. Bd3 b4 13. Ne2 c5 14. c3 a5 15. g4 a4 16. Nh4 Nxd5 17. Qf3 Nxc3 18. bxc3 Bxh4 19. c4 Be6 20. Ng3 Bg5+ 21. Kb2 a3+ 22. Ka1 Qa5 23. Bc2 Bxc4 24. Rxd6 Rad8 25. Rhd1 Rxd6 26. Rxd6 Rd8 27. Rd1 Rxd1+ 28. Bxd1 Qd8 29. Nf1 Qd4+ 30. Kb1 Qb2# 0-1

[Event "44th Chess Olympiad Women 2022"]
[Site "Chennai"]
[Date "2022.07.29"]
[Round "1.50"]
[White "Alhasan, Zainah"]
[Black "Jansone, Melanija Luize"]
[Result "0-1"]
[WhiteElo "1095"]
[BlackElo "1584"]
[Annotator "NA RC"]
[PlyCount "80"]
[EventDate "2022.??.??"]
[TimeControl "60"]

1. e4 d6 2. d4 Nf6 3. Nc3 g6 4. Nf3 Bg7 5. Be3 c6 6. Bd3 Qa5 7. Qd2 Ng4 8.
O-O Nxe3 9. fxe3 e5 10. Qf2 O-O 11. Ng5 exd4 12. exd4 Qxg5 13. Bc4 Be6 14. Bxe6 fxe6 15. Qg3 Bxd4+ 16. Kh1 Qxg3 17. Rxf8+ Kxf8 18. hxg3 Nd7 19. Rd1 Be5 20. Rd3 Nc5 21. Rf3+ Ke7 22. Kg1 Bxc3 23. Rxc3 Nxe4 24. Re3 d5 25. Kf1 Rf8+ 26. Ke2 Rf2+ 27. Kd1 Rd2+ 28. Kc1 Rxg2 29. b3 Rg1+ 30. Kb2 Rxg3 31. Rxg3 Nxg3 32. Kc3 h5 33. Kd2 h4 34. Ke1 h3 35. Kf2 h2 36. Kxg3 h1=Q 37. Kf4 Qe4+ 38. Kg5 Qf5+ 39. Kh6 Qf4+ 40. Kh7 Kf7 0-1

[Event "44th Chess Olympiad Women 2022"]
[Site "Chennai"]
[Date "2022.07.29"]
[Round "1.50"]
[White "Nema, Rabab Ahmed"]
[Black "Berzina, Ilze"]
[Result "0-1"]
[WhiteElo "1172"]
[BlackElo "2141"]
[Annotator "NA"]
[PlyCount "86"]
[EventDate "2022.??.??"]
[TimeControl "60"]

1. d4 d5 2. c4 c6 3. Nc3 e6 4. Nf3 dxc4 5. a4 Bb4 6. e3 b5 7. axb5 cxb5 8. Bd2 Bxc3 9. bxc3 Nf6 10. Qc2 Bb7 11. Be2 O-O 12. O-O Nbd7 13. Bc1 Qc7 14. Nd2 Nd5 15. e4 Nf4 16. Nf3 Nf6 17. e5 Be4 18.
Qb2 N6d5 19. Rd1 Nxe2+ 20. Qxe2 Nxc3 21. Qe3 Bxf3 22. Qxf3 Nxd1 23. Qxd1 f5 24. Ba3 Rfd8 25. Bd6 Rxd6 26. exd6 Qxd6 27. Qe2 a5 28. Rb1 Qd5 29. Re1 b4 30. Qxe6+ Qxe6 31. Rxe6 Rd8 32. Kf1 Rxd4 33. Ra6 c3 34. Rc6 b3 35. Rxc3 b2 36. Rb3 Rb4 37. Rxb4 axb4 38. Ke2 b1=Q 39. f4 Qc2+ 40. Kf3 Qe4+ 41. Kg3 Qe3+ 42. Kh4 Qxf4+ 43. Kh3 Qg4# 0-1

[Event "44th Chess Olympiad Women 2022"]
[Site "Chennai"]
[Date "2022.07.29"]
[Round "1.50"]
[White "Rogule, Laura"]
[Black "Alazmi, Amani"]
[Result "1-0"]
[WhiteElo "2292"]
[BlackElo "1506"]
[Annotator "ChessBase"]
[PlyCount "81"]
[EventDate "2022.??.??"]
[TimeControl "60"]

1. c4 e5 2. g3 Nf6 3. Bg2 Bc5 4. e3 Nc6 5. a3 a5 6. Nc3 O-O 7. Nge2 Re8 8. O-O h6 9. d3 d6 10. h3 Bd7 11. Kh2 Qc8 12. b3 Ne7 13. e4 c6 14. f4 exf4 15.
Bxf4 Ng6 16. Bxh6 Ng4+ 17. hxg4 gxh6 18. d4 Bb6 19. Qd2 Kg7 20. Rf5 Bd8 21. Raf1 Bxf5 22. gxf5 Bg5 23. Qd3 Nf8 24. Nf4 f6 25. Bh3 Qd8 26. Ne6+ Nxe6 27. fxe6 Re7 28. Ne2 Kh8 29. d5 Qc7 30. Nd4 Rh7 31. Bf5 Rg7 32. Bh3 Rh7 33. Qc3 Rf8 34. Nf3 Rg7 35. Nd4 Rh7 36. Kg2 Rg8 37. Nf3 Rhg7 38. Nxg5 fxg5 39. Rf6 Re8 40. Rf7 Kg8 41. Qxg7# 1-0

[Event "44th Chess Olympiad Women 2022"]
[Site "Chennai"]
[Date "2022.07.29"]
[Round "1.50"]
[White "Ter-Avetisjana, Agnesa Stepania"]
[Black "Alazmi, Aeshah"]
[Result "1-0"]
[WhiteElo "1962"]
[BlackElo "1256"]
[Annotator "NA RC"]
[PlyCount "95"]
[EventDate "2022.??.??"]
[TimeControl "60"]

1. e4 e5 2. Nf3 Nc6 3. Bb5 d6 4. d4 Bd7 5. O-O Nxd4 6. Nxd4 exd4 7. Bxd7+ Qxd7
8. Qxd4 c5 9. Qd1 O-O-O 10. c4 Be7 11. Nc3 f5 12. exf5 Qxf5 13. Nd5 Bg5 14.
Bxg5 Qxg5 15. b4 Ne7 16. f4 Qh6 17. Nxe7+ Kb8 18. bxc5 dxc5 19. Nd5 Rhf8 20.
Rb1 Rxf4 21. Rxf4 Qxf4 22. Nxf4 Rxd1+ 23. Rxd1 a6 24. Rd7 g5 25. Ne6 h6 26.
Nxc5 Kc8 27. Rxb7 g4 28. Rh7 g3 29. Nxa6 gxh2+ 30. Kh1 h5 31. c5 h4 32. c6 h3
33. g4 Kd8 34. g5 Kc8 35. g6 Kd8 36. Nc5 Kc8 37. a4 Kd8 38. a5 Kc8 39. a6 Kd8
40. a7 Kc8 41. a8=N Kd8 42. Nb6 Ke8 43. c7 Kf8 44. c8=B Kg8 45. Be6+ Kf8 46.
Nbd7+ Ke8 47. Nf6+ Kd8 48. Nb7# 1-0